 Dungeon Crawl Stone Soup version 0.20-a0-303-g575bbf7 (webtiles) character file.

233 Havercy the Poker (level 6, -3/56 HPs)
             Began as a Naga Fighter on Dec 16, 2016.
             Was a Follower of Yredelemnul.
             Slain by a worker ant (6 damage)
             ... on level 5 of the Dungeon.
             The game lasted 00:03:56 (3394 turns).

Havercy the Poker (Naga Fighter)                    Turns: 3394, Time: 00:03:56

Health: -3/56      AC:  5    Str: 17 (18) XL:     6   Next: 4%
Magic:  6/6        EV:  5    Int:  9      God:    Yredelemnul [*.....]
Gold:   196        SH:  8    Dex: 10 (12) Spells: 5/5 levels left

rFire  . . .     SeeInvis +     a - +0 trident
rCold  . . .     Gourm    .     b - +0 scale mail
rNeg   . . .     Faith    .     c - +0 shield
rPois  +         Spirit   .     (no helmet)
rElec  .         Reflect  .     (no cloak)
rCorr  .         Harm     .     (no gloves)
MR     .....                    (no barding)
Stlth  ..........               (no amulet)
                                (no ring)
                                (no ring)

@: about to teleport, slowed, very slow
A: stinger 1, see invisible, deformed body, deterioration 1, poison resistance,
slowness 2, slow metabolism 1, spit poison 1, MP-powered wands, AC +2
a: Spit Poison, Animate Remains, Renounce Religion


You were on level 5 of the Dungeon.
You worshipped Yredelemnul.
Yredelemnul was aware of your devotion.
You were not hungry.

You visited 1 branch of the dungeon, and saw 5 of its levels.

You collected 196 gold pieces.

Inventory:

Hand Weapons
 a - a +0 trident (weapon)
Armour
 b - a +0 scale mail (worn)
 c - a +0 shield (worn)
Wands
 r - a wand of random effects (30/48)
Scrolls
 h - a scroll of fog {unknown}
 l - a scroll of random uselessness {unknown}
 m - a scroll of noise {unknown}
 p - 3 scrolls of amnesia {unknown}
 q - 2 scrolls of remove curse {unknown}
 s - 2 scrolls of recharging {unknown}
 u - a scroll of fear {unknown}
Potions
 d - a potion of might
 e - a potion of curing
 i - a potion of lignification
 j - 3 potions of haste
 n - a potion of resistance
 o - a potion of flight
Comestibles
 f - 3 bread rations
 k - a chunk of flesh
 w - a beef jerky


   Skills:
 + Level 3.4 Fighting
 * Level 4.4 Polearms
 + Level 3.1 Armour
 + Level 0.4 Dodging
 * Level 3.3 Shields
 * Level 0.2 Invocations


You had 5 spell levels left.
You didn't know any spells.

Dungeon Overview and Level Annotations

Branches:
Dungeon (5/15)
 Temple: D:4-7

Altars:
Yredelemnul

Annotations:
D:5 Blork the orc


Innate Abilities, Weirdness & Mutations

You cannot wear boots.
Your serpentine skin is tough. (AC +2)
You have supernaturally acute eyesight. (SInv)
Armour fits poorly on your strangely shaped body.
Your system is resistant to poisons. (rPois)
You cover ground very slowly.
You have a slow metabolism.
You can spit poison.
Your tail ends in a poisonous barb.
Your body sometimes deteriorates upon taking damage.
You expend magic power (3 MP) to strengthen your wands.


Message History

A worker ant comes into view.
The worker ant twitches its antennae in your direction.
Found a scroll labeled XILAURATTY.
There is a stone staircase leading up here.
Unknown command.
Unknown command.
As you read the scroll of teleportation, it crumbles to dust.
You feel strangely unstable.
Blork the orc hits you with a war axe of chopping.
* * * LOW HITPOINT WARNING * * *
x2 Blork the orc zaps a wand.
You easily resist.
Unknown command.
Unknown command.
Blork the orc screams, "I'm much stronger than you!"
Blork the orc points at you and mumbles some strange words.
The puff of flame hits you!
* * * LOW HITPOINT WARNING * * *
The worker ant bites you.
You die...
Your body rises from the dead as a mindless zombie.

##############
.......o@a...#
#####..####..#
#.. # #?. ##.
#. #. ##


You could see Blork the orc and a worker ant.

Vanquished Creatures
  A worker ant (D:4)
  Natasha (D:4)
  6 gnolls
  5 adders
  An ooze (D:1)
  3 worms
  A dart slug (D:1)
  A leopard gecko (D:4)
  3 orcs (D:4)
  2 giant cockroaches
  4 hobgoblins
  2 jackals (D:2)
  10 kobolds
  A quokka (D:2)
  A ball python (D:1)
  11 bats
  5 frilled lizards
  8 goblins
  10 rats
76 creatures vanquished.

Notes
Turn   | Place    | Note
-------+----------+-------------------------------------------
     0 | D:1      | Havercy the Naga Fighter began the quest for the Orb.
     0 | D:1      | Reached XP level 1. HP: 21/21 MP: 1/1
   278 | D:1      | Reached XP level 2. HP: 27/28 MP: 2/2
   473 | D:1      | Reached XP level 3. HP: 34/34 MP: 3/3
   992 | D:2      | Found a basalt altar of Yredelemnul.
  1018 | D:2      | Became a worshipper of Yredelemnul the Dark
  1071 | D:2      | Reached skill level 3 in Polearms
  1071 | D:2      | Reached XP level 4. HP: 18/42 MP: 4/4
  2203 | D:3      | Reached XP level 5. HP: 45/49 MP: 5/5
  2224 | D:3      | Reached * piety under Yredelemnul
  2802 | D:4      | Gained mutation: Your body sometimes deteriorates upon taking damage. [potion of mutation]
  2802 | D:4      | Gained mutation: You expend magic power (3 MP) to strengthen your wands. [potion of mutation]
  2802 | D:4      | Gained mutation: Your tail ends in a poisonous barb. [potion of mutation]
  2836 | D:3      | Reached skill level 4 in Polearms
  3214 | D:4      | Noticed Natasha
  3227 | D:4      | Killed Natasha
  3227 | D:4      | Reached XP level 6. HP: 26/56 MP: 6/6
  3382 | D:4      | Noticed Blork the orc
  3392 | D:5      | Entered Level 5 of the Dungeon
  3394 | D:5      | Slain by a worker ant

Vault maps used:
D:1:      dpeg_arrival_brainrot, minmay_unequal
D:2:      old_standard_altar
D:3:      first_bread
D:4:      lemuel_round_altar, uniq_duvessa, uniq_natasha, uniq_blork_the_orc
D:5:      chequers_ossuary_entry_cave

Skill      XL: |  1  2  3  4  5 |
---------------+----------------+-----
Polearms       | 3 4 |  4.4
Shields        | 3 |  3.3
Armour         | 3 |  3.1
Fighting       | |  3.4
Dodging        | |  0.4
Invocations    | |  0.2

Action                   |  1- 3 |  4- 6 || total
-------------------------+-------+-------++-------
Melee: Trident           |   128 |   202 ||   330
       Tailslap          |       |     2 ||     2
 Abil: Spit Poison       |       |     2 ||     2
  Use: Scroll            |       |     9 ||     9
       Potion            |       |     5 ||     5
  Eat: Chunk             |       |     5 ||     5
       Royal jelly       |       |     1 ||     1
Armor: Scale mail        |    53 |    71 ||   124
       Skin              |       |     5 ||     5
Dodge: Dodged            |    25 |    39 ||    64
Block: Shield            |    52 |    88 ||   140
